 Dungeon Crawl Stone Soup version 0.14-a0-1844-g8283a67 (webtiles) character file.

1098 Mitsuki the Changer (level 7, -15/57 HPs)
             Began as a Grey Draconian Transmuter on Jan 11, 2014.
             Was a Believer of Cheibriados.
             Demolished by an ogre
             ... wielding a +0,+0 giant spiked club
              (23 damage)
             ... on Level 6 of the Dungeon.
             The game lasted 00:30:17 (4989 turns).

Mitsuki the Changer (Grey Draconian Transmuter)     Turns: 4989, Time: 00:30:18

HP -15/57        AC  4     Str 19      XL: 7   Next: 69%
MP  15/17        EV 18     Int 19      God: Cheibriados [**....]
Gold 247         SH  0     Dex 20      Spells:  2 memorised, 11 levels left

rFire  + . .     SeeInvis .       - Unarmed
rCold  . . .     Clarity  .     (armour unavailable)
rNeg   . . .     Conserve .     (shield currently unavailable)
rPois  x         rCorr    .     (helmet currently unavailable)
rElec  .         rRot     .     (cloak currently unavailable)
SustAb . .       Spirit   .     (gloves currently unavailable)
rMut   .         Warding  .     (boots currently unavailable)
Saprov . . .     Stasis   .     (no amulet)
                                e - ring of protection from fire
                                w - +2 ring of protection

@: spider-form (expiring), glowing, drained, very slow, somewhat resistant to
hostile enchantments, very unstealthy
A: walk through water, unfitting armour, deterioration 2, magic resistance 1,
robust 1, strong 1, (unbreathing), AC +11
a: End Transformation, Bend Time, Renounce Religion


You were on level 6 of the Dungeon.
You worshipped Cheibriados.
Cheibriados was pleased with you.
You were hungry.
You were in spider-form.
You visited 1 branch of the dungeon, and saw 6 of its levels.

You collected 247 gold pieces.

Inventory:

Missiles
 b - 12 arrows
Comestibles
 a - 5 bread rations
 j - a pear
 k - 2 apricots
 l - an orange
 p - 5 meat rations
Scrolls
 h - 2 scrolls of fog
 i - a scroll of enchant weapon I
 n - 2 scrolls of teleportation
 t - a scroll of random uselessness {unknown}
Jewellery
 e - a ring of protection from fire (right front leg)
 m - an uncursed ring of fire
 q - an uncursed ring of sustenance {unknown}
 r - an uncursed ring of flight {unknown}
 w - a +2 ring of protection (left front leg)
 y - an uncursed ring of ice
Potions
 c - 2 potions of magic
 f - a potion of brilliance
 o - a potion of paralysis {unknown}
 s - 2 potions of berserk rage {unknown}
 u - a potion of poison {unknown}
 v - a potion of curing
Books
 d - a book of Changes

   Spells                             Type                      Level
   *Beastly Appendage                 Transmutation                1
   Sticks to Snakes                   Transmutation                2
   *Spider Form                       Transmutation/Poison         3
   Ice Form                           Ice/Transmutation            4
   Blade Hands                        Transmutation                5
 x - a Necronomicon {highlevel}

   This book is beyond your current level of understanding.

   Spells                             Type                      Level
   Haunt                              Necromancy/Summoning         7
   Borgnjor's Revivification          Necromancy                   8
   Death's Door                       Charms/Necromancy            8
   Necromutation                      Transmutation/Necromancy     8


   Skills:
 - Level 1.1(0.4) Fighting
 - Level 1.7(1.0) Dodging
 * Level 4.8(4.0) Unarmed Combat
 + Level 4.6(3.8) Spellcasting
 - Level 5.7(4.9) Transmutations
 - Level 1.1(0.4) Poison Magic
 * Level 2.9(2.2) Invocations


You had 11 spell levels left.
You knew the following spells:

 Your Spells              Type           Power        Failure   Level  Hunger
a - Beastly Appendage     Trmt           ###...       8%          1    None
b - Spider Form           Trmt/Pois      ##........   32%         3    ###....


Dungeon Overview and Level Annotations

Branches:
Dungeon (6/16)
 Temple: D:4-7

Altars:
Cheibriados
Elyvilon
Fedhas
Okawaru
Sif Muna
Xom
Zin

Annotations:
D:6 Edmund


Innate Abilities, Weirdness & Mutations

You can walk through water.
((Your dull iron-grey scales are very hard (AC +11).))*
Your body does not fit into most forms of armour.
Your cold-blooded metabolism reacts poorly to cold.
((You can survive without breathing.))*
Your body is deteriorating.
You are resistant to hostile enchantments.
You are robust (+10% HP).
Your muscles are strong. (Str +2)


Message History

* * * LOW HITPOINT WARNING * * *
The orc wizard closely misses you.
The ogre looks more healthy.
The orc barely misses you. The orc wizard misses you.
A sky beast comes into view.
The orc wizard casts a spell.
You feel troubled.
You hit the orc.
The orc is poisoned.
The orc is moderately wounded.
Unknown command.
Drink which item? (? for menu, Esc to quit)
You feel better. The orc wizard casts a spell at you. The magic dart hits you!
* * * LOW HITPOINT WARNING * * *
You bite the ogre!
The ogre is poisoned.
The ogre is heavily wounded.
The orc wizard completely misses you.
The ogre hits you with a giant spiked club!
You die...

### ........
#.......# #.......#
#.......# #.......#
#.......###..
#.............
#(..Os._..I...
#..@o#####....
#..oo#...#....
#..oo#A..#.....
#...)#...#.....
#...(#####.....
#....)._.....#..
#..#.........#.....
#..####......#....<.


You could see an angel (confused), Edmund, a sky beast, an ogre, an orc wizard
and 4 orcs.

Vanquished Creatures
  2 ogres (D:5)
  A centaur (D:5)
  2 giant frogs
  A crimson imp (D:5)
  2 orc priests (D:6)
  A goliath beetle (D:6)
  3 worker ants
  2 orc wizards (D:6)
  Terence (D:3)
  10 adders
  A worm (D:2)
  An inept feature mimic (D:5)
  An adder skeleton (D:5)
  A giant eyeball (D:5)
  An ooze (D:6)
  8 orcs
  A ball python (D:2)
  15 bats
  2 giant cockroaches
  11 hobgoblins
  4 jackals
  13 kobolds
  3 quokkas
  A giant gecko (D:3)
  2 giant newts
  12 goblins
  A kobold skeleton (D:4)
  11 rats
114 creatures vanquished.

Notes
Turn   | Place    | Note
--------------------------------------------------------------
     0 | D:1      | Mitsuki, the Draconian Transmuter, began the quest for the Orb.
     0 | D:1      | Reached XP level 1. HP: 16/16 MP: 3/3
   525 | D:1      | Reached XP level 2. HP: 4/23 MP: 2/4
  1423 | D:2      | Reached XP level 3. HP: 23/28 MP: 4/6
  1542 | D:2      | Reached skill level 4 in Transmutations
  1905 | D:2      | Reached XP level 4. HP: 26/35 MP: 7/7
  1938 | D:2      | Learned a level 3 spell: Spider Form
  2355 | D:3      | Noticed Terence
  2368 | D:3      | Killed Terence
  2768 | D:3      | Noticed a giant frog
  2778 | D:3      | Killed a giant frog
  2778 | D:3      | Reached skill level 5 in Transmutations
  2778 | D:3      | Reached skill level 1 in Poison Magic
  2778 | D:3      | Reached XP level 5. HP: 33/40 MP: 7/9
  3141 | D:4      | Found a snail-covered altar of Cheibriados.
  3145 | D:4      | Became a worshipper of Cheibriados the Contemplative
  3223 | D:4      | Reached XP level 6. HP: 42/47 MP: 9/13
  3652 | D:4      | Found a deep blue altar of Sif Muna.
  3655 | D:4      | Found a white marble altar of Elyvilon.
  3845 | D:5      | Entered Level 5 of the Dungeon
  3982 | D:5      | Gained mutation: Your body is slowly deteriorating. [potion of mutation]
  3982 | D:5      | Gained mutation: Your muscles are strong. (Str +2) [potion of mutation]
  3982 | D:5      | Gained mutation: Your body is deteriorating. [potion of mutation]
  3983 | D:5      | Gained mutation: You are resistant to hostile enchantments. [potion of mutation]
  3983 | D:5      | Gained mutation: You are robust (+10% HP). [potion of mutation]
  4067 | D:5      | Reached skill level 1 in Invocations
  4074 | D:5      | Your scales start taking on a dull iron-grey colour.
  4074 | D:5      | Gained mutation: You can survive without breathing. [draconian maturity]
  4074 | D:5      | Reached XP level 7. HP: 20/57 MP: 13/17
  4273 | D:5      | Found a blossoming altar of Fedhas.
  4639 | D:5      | Found an iron altar of Okawaru.
  4949 | D:6      | Found a glowing silver altar of Zin.
  4952 | D:6      | Noticed an angel
  4955 | D:6      | Found a shimmering altar of Xom.
  4962 | D:6      | Noticed Edmund
  4974 | D:6      | HP: 2/57 [orc/ tomahawk (2)]
  4989 | D:6      | Demolished by an ogre

Action                   |  1- 3 |  4- 6 |  7- 9 || total
-------------------------+-------+-------+-------++-------
Melee: Unarmed           |   142 |   240 |   103 ||   485
 Cast: Beastly Appendage |    14 |       |       ||    14
       Spider Form       |       |    16 |     7 ||    23
 Abil: End Transformatio |       |     1 |       ||     1
Evoke: Wand              |       |       |    10 ||    10
  Use: Potion            |     6 |     4 |     3 ||    13
       Scroll            |       |    10 |     4 ||    14
 Stab: Sleeping          |       |     1 |       ||     1
